AoeStats
← Caketown

Fortress

509595555Analyzed
2v2 RM · 4d ago on Sep 27, 2026· 89m 50s· 4 players
Game mode
Random Map
Map size
Normal (6 player)
Population
200
Speed
Normal
Resources
Standard
Victory
Conquest
Starting age
Dark Age
Ending age
Imperial Age
RankedLock teamsTeams togetherTeam positionsShared explorationLock speedFull tech treeHidden civsTurbo modeCheats
Victory
Defeat
🇦🇺 Wei · Australia
1337
+14
🇦🇺 Dravidians · Australia
1275
+16
🇷🇺 Italians · Russia
1320
-16
🇷🇺 Goths · Russia
1248
-14
MisterGabby
8:24 Feudal Age
12:16 Castle Age
10:30 Double-Bit Axe
10:37 Horse Collar
13:37 Bow Saw
13:28 Heavy Plow
14:42 Wheelbarrow
14:47 Town Watch
15:57 Loom
22:20 Imperial Age
20:25 Gold Mining
20:26 Stone Mining
21:58 Hand Cart
21:44 Town Patrol
22:29 Stone Shaft Mining
24:06 Chemistry
23:02 Fletching
23:13 Padded Archer Armor
24:23 Bodkin Arrow
24:44 Leather Archer Armor
25:55 Bracer
25:56 Guard Tower
28:37 Ring Archer Armor
29:33 Ballistics
30:15 Guilds
30:19 Thumb Ring
32:08 Hoardings
30:57 Elite Genoese Crossbowman
33:31 Keep
32:43 Arrowslits
37:27 Fortified Wall
39:05 Two-Man Saw
38:37 Crop Rotation
38:52 Forging
38:47 Scale Barding Armor
39:15 Light Cavalry
40:06 Bloodlines
39:56 Husbandry
41:19 Hussar
42:35 Iron Casting
42:20 Chain Barding Armor
46:23 Blast Furnace
45:59 Plate Barding Armor
47:59 Coinage
50:51 Banking
54:58 Treadmill Crane
55:29 Masonry
55:15 Murder Holes
59:06 Conscription
68:47 Architecture
GabbyMister
7:29 Feudal Age
12:04 Castle Age
10:24 Horse Collar
10:57 Double-Bit Axe
11:55 Loom
12:57 Heavy Plow
13:47 Bow Saw
15:41 Wheelbarrow
19:01 Gold Mining
20:13 Hand Cart
23:10 Stone Mining
23:48 Pikeman
25:11 Stone Shaft Mining
25:13 Squires
28:23 Imperial Age
26:21 Forging
26:11 Scale Mail Armor
26:42 Anarchy
28:13 Iron Casting
28:31 Halberdier
31:09 Blast Furnace
30:24 Chain Mail Armor
33:33 Chemistry
32:54 Ballistics
34:26 Perfusion
36:34 Two-Man Saw
36:09 Crop Rotation
37:16 Conscription
41:21 Elite Huskarl
Mothy
7:42 Feudal Age
8:11 Double-Bit Axe
8:39 Horse Collar
9:18 Gold Mining
13:04 Castle Age
11:05 Loom
12:20 Wheelbarrow
14:37 Bow Saw
14:29 Heavy Plow
16:53 Stone Mining
21:21 Town Watch
21:52 Hand Cart
21:23 Loom
26:29 Imperial Age
24:21 Scale Barding Armor
26:23 Gold Shaft Mining
26:35 Chain Barding Armor
28:05 Husbandry
28:18 Bloodlines
28:35 Conscription
28:26 Fletching
28:49 Masonry
29:39 Ballistics
29:36 Bodkin Arrow
30:40 Bracer
30:51 Forging
31:49 Ming Guang Armor
32:37 Chemistry
32:48 Iron Casting
31:54 Light Cavalry
32:57 Thumb Ring
33:18 Parthian Tactics
33:52 Murder Holes
35:11 Padded Archer Armor
35:33 Treadmill Crane
38:25 Blast Furnace
37:50 Hussar
38:30 Heavy Hei Guang Cavalry
39:28 Leather Archer Armor
40:04 Hoardings
40:50 Capped Ram
45:38 Ring Archer Armor
49:57 Siege Ram
53:21 Elite Skirmisher
62:34 Elite Tiger Cavalry
63:19 Tuntian
70:30 Fortified Wall
82:36 Crop Rotation
90:00 Caravan
Caketown
8:01 Feudal Age
8:34 Horse Collar
8:42 Double-Bit Axe
13:40 Castle Age
12:15 Gold Mining
15:57 Bow Saw
17:05 Fletching
20:02 Wheelbarrow
20:27 Ballistics
20:13 Padded Archer Armor
22:01 Bodkin Arrow
23:22 Thumb Ring
28:19 Imperial Age
25:39 Loom
26:19 Leather Archer Armor
29:19 Hand Cart
30:04 Onager
33:07 Chemistry
32:03 Elite Elephant Archer
36:18 Siege Onager
36:48 Town Watch
45:41 Forging
45:32 Scale Mail Armor
44:54 Pikeman
45:35 Squires
46:12 Halberdier
47:30 Iron Casting
47:54 Conscription
57:22 Elite Skirmisher
59:42 Bracer
63:37 Ring Archer Armor
71:12 Heavy Plow
80:22 Blast Furnace
79:38 Chain Mail Armor
81:25 Caravan
84:09 Arson
Connection lost

Rejoining the realm…

Still unreachable

The connection could not be restored.

Session expired

The server has moved on; the page needs a fresh start.